 Dungeon Crawl Stone Soup version 0.28-a0-1506-g3893175d92 (webtiles) character file.

Game seed: 12280493436545930189

623 tetreaultl the Cutter (level 7, 0/51 HPs)
             Began as a Djinni Cinder Acolyte on Jan 13, 2022.
             Was an Elder of Ignis.
             Slain by a wight (5 damage)
             ... on level 6 of the Dungeon.
             The game lasted 00:21:01 (4846 turns).

tetreaultl the Cutter (Djinni Cinder Acolyte)       Turns: 4846, Time: 00:21:02

Health: 0/51       AC: 12    Str: 15    XL:     7   Next: 75%
Gold:   179        EV: 12    Int: 15    God:    Ignis [****..] SH:  0 Dex: 15

rFire   + + +      SeeInvis .   a - -1 short sword (flame)
rCold   x . .      Faith    .   (no shield)
rNeg    . . .      Spirit   .   i - +2 leather armour {rF+}
rPois   ∞          Reflect  .   (no helmet)
rElec   .          Harm     .   (no cloak)
rCorr   .          Rampage  .   (no gloves)
Will    .....                   (boots unavailable)
Stlth   ++........              (no amulet)
HPRegen 0.17/turn               f - +6 ring of dexterity
MPRegen 0.00/turn               (no ring)

@: fiery-armoured, flying
A: sickness immunity, fire resistance 2, cold vulnerability 1, float, innate
caster, hp casting, extra vitality 1
a: Renounce Religion, Fiery Armour, Foxfire Swarm


You were on level 6 of the Dungeon.
You worshipped Ignis.
Ignis was greatly pleased with you.
You visited 1 branch of the dungeon, and saw 6 of its levels.

You collected 192 gold pieces.
You spent 13 gold pieces at shops.

Inventory:

Hand Weapons
 a - a -1 short sword of flaming (weapon)
 c - a +0 hunting sling
 k - a +3 hand axe
Armour
 b - a +0 robe
 i - a +2 leather armour of fire resistance (worn)
Magical Staves
 x - a staff of air
Jewellery
 f - a +6 ring of dexterity (left hand)
 p - a ring of resist corrosion
Scrolls
 d - 2 scrolls of fear {unknown}
 g - a scroll of silence {unknown}
 j - a scroll of torment {unknown}
 n - a scroll of noise {unknown}
 r - a scroll of immolation {unknown}
 s - a scroll of fog {unknown}
 t - a scroll of blinking {unknown}
 v - a scroll of identify {unknown}
 w - a scroll of enchant weapon {unknown}
 y - a scroll of teleportation {unknown}
 z - a scroll of vulnerability {unknown}
Potions
 e - a potion of attraction {unknown}
 h - a potion of invisibility {unknown}
 l - a potion of cancellation {unknown}
 m - a potion of magic {unknown}
 o - a potion of brilliance {unknown}
 q - a potion of ambrosia {unknown}
 u - 2 potions of curing {unknown}


   Skills:
 + Level 3.9 Fighting
 + Level 4.5 Short Blades
 + Level 2.7 Armour
 + Level 2.6 Dodging
 + Level 1.0 Stealth
 + Level 4.1 Spellcasting


You had 6 spell levels left.
You knew the following spells:

 Your Spells              Type           Power      Damage    Failure   Level
a - Scorch                Fire           30%        2d7       6%          2
b - Magic Dart            Conj           60%        1d6       4%          1
c - Passwall              Tmut/Erth      12%        N/A       6%          2
d - Stone Arrow           Conj/Erth      30%        3d8       12%         3
Your spell library was empty.

Dungeon Overview and Level Annotations

Branches:
Dungeon (6/15)
 Temple: D:4-7

Altars:
Vehumet
Xom

Shops:
D:2 !


Innate Abilities, Weirdness & Mutations

You are immune to sickness and miasma.
You are immune to poison.
Your flesh is very heat resistant. (rF++)
You are vulnerable to cold. (rC-)
You float through the air rather than walking.
You learn spells naturally, not from books.
Your magical power is your life essence.
You have superior vitality. (+4 MHP)


Message History

Casting: Scorch (safe; 6% risk of failure)
Confirm with . or Enter, or press ? or * to list all spells.
Flames lash the water moccasin skeleton.
The water moccasin skeleton is burned terribly!
The water moccasin skeleton is moderately damaged.
* * * LOW HITPOINT WARNING * * *
The wight is no longer more vulnerable to fire.
The water moccasin skeleton bites you but does no damage.
The wight barely misses you.
Casting: Scorch (safe; 6% risk of failure)
Confirm with . or Enter, or press ? or * to list all spells.
Flames lash the water moccasin skeleton.
The water moccasin skeleton is burned terribly!
The water moccasin skeleton is severely damaged.
* * * LOW HITPOINT WARNING * * *
The water moccasin skeleton misses you.
The wight hits you from afar with a +0 spear.
* * * LOW HITPOINT WARNING * * *
(D) Dungeon
Where to? (Enter - D:6, ? - help)
What level of the Dungeon? (default 1, ? - help)
There are monsters nearby!
A protective cloak of flame settles atop you.
The wight is no longer more vulnerable to fire.
The water moccasin skeleton misses you. The wight hits you but does no damage.
The water moccasin skeleton bites you.
* * * LOW HITPOINT WARNING * * *
The water moccasin skeleton is burned terribly!
The water moccasin skeleton is burned by your cloak of flames.
The water moccasin skeleton is almost destroyed.
You barely miss the water moccasin skeleton.
The water moccasin skeleton is almost destroyed.
The water moccasin skeleton misses you.
The wight hits you from afar with a +0 spear.
* * * LOW HITPOINT WARNING * * *
You hit the water moccasin skeleton but do no damage.
The water moccasin skeleton is almost destroyed.
The water moccasin skeleton misses you.
The wight hits you from afar with a +0 spear.
You die...

# .# #####.#$.
######....... #
#........####.# ##
#.......zzZ@..#
....##........######
z...)($.......#
....#.........# ..#
#.........# .
#.........#
#.........#
...........#
####........#


You could see 2 wights and a water moccasin skeleton (combustible).

Vanquished Creatures
  2 ogres (D:5)
  A centaur (D:5)
  A wight (D:6)
  A jelly (D:4)
  2 bullfrog skeletons (D:5)
  A gnoll shaman (D:5)
  An orc wizard (D:5)
  6 gnolls
  9 adders
  A shadow imp (D:5)
  An adder skeleton (D:4)
  A worm (D:2)
  A dart slug (D:1)
  4 orcs
  An endoplasm (D:3)
  5 giant cockroaches
  2 goblins (D:1)
  6 hobgoblins
  4 quokkas
  5 ball pythons
  A frilled lizard (D:2)
  3 kobolds
  6 rats
65 creatures vanquished.

Vanquished Creatures (others)
  14 foxfires (D:5)
14 creatures vanquished.

Grand Total: 79 creatures vanquished

Notes
Turn   | Place    | Note
-------+----------+-------------------------------------------
     0 | D:1      | tetreaultl the Djinni Cinder Acolyte began the quest for
                  | the Orb.
     0 | D:1      | Reached XP level 1. HP: 20/20 MP: 0/0
   300 | D:1      | Reached XP level 2. HP: 22/25 MP: 0/0
   671 | D:1      | Found a faded altar of an unknown god.
   838 | D:2      | Found a shimmering altar of Xom.
   968 | D:2      | Reached XP level 3. HP: 30/30 MP: 0/0
   968 | D:2      | Learned a level 1 spell: Magic Dart
  1156 | D:2      | Found Xarghoix's Distillery.
  1164 | D:2      | Bought a potion of degeneration for 13 gold pieces
  1220 | D:2      | HP: 1/30 [adder (4)]
  1224 | D:2      | Reached XP level 4. HP: 2/35 MP: 0/0
  2264 | D:4      | Reached XP level 5. HP: 19/40 MP: 0/0
  2264 | D:4      | Learned a level 2 spell: Passwall
  2497 | D:4      | Reached skill level 1 in Armour
  2508 | D:4      | Reached skill level 1 in Dodging
  3041 | D:5      | Entered Level 5 of the Dungeon
  3070 | D:5      | Reached XP level 6. HP: 27/46 MP: 0/0
  3526 | D:5      | Noticed an ogre
  3538 | D:5      | Killed an ogre
  3539 | D:5      | Reached XP level 7. HP: 17/51 MP: 0/0
  3539 | D:5      | Learned a level 3 spell: Stone Arrow
  3934 | D:5      | Reached skill level 1 in Stealth
  4846 | D:6      | Slain by a wight

Illustrated notes

Levels and vault maps discovered:
D:1:      minmay_arrival_five_plusses, layout_basic,
          hellmonk_ecumenical_altar_leap_of_faith, chequers_decorated_corner
D:2:      layout_basic, serial_shops, shop, basic_altar, st_stairs_11,
          minmay_vboxes
D:3:      layout_basic, nicolae_overflow_crystal_walls,
          grunt_temple_overflow_octagram, minmay_curled_crystal,
          dk_noncrumbling_2
D:4:      layout_basic, nicolae_vehumet_radiance, grunt_decor_fettered,
          uniq_ijyb
D:5:      layout_basic, serial_co_window_serial, co_window_corner_a,
          co_window_paths_b, co_window_corner_a, co_window_paths_b,
          co_window_paths_a, co_window_corner_cb, co_window_cross_2,
          co_window_of_opportunity_b, co_window_corner_cb,
          co_window_unsneaky_path_e, co_window_unsneaky_path_a,
          co_window_of_opportunity_b, glass_columns_a, glass_columns_c,
          glass_columns_a, glass_columns_c, minmay_statues_item
D:6:      layout_basic

Skill      XL: |  1  2  3  4  5  6  7 |
---------------+----------------------+-----
Short Blades   | 3 4 |  4.5
Spellcasting   | 3 4 |  4.1
Armour         | 1 2 |  2.7
Dodging        | 1 2 |  2.6
Stealth        | 1 |  1.0
Fighting       | |  3.9

Action                   |  1- 3 |  4- 6 |  7- 9 || total
-------------------------+-------+-------+-------++-------
Melee: Short sword       |    66 |   105 |    14 ||   185
       Punch             |       |     1 |       ||     1
 Cast: Scorch            |     7 |    14 |     8 ||    29
       Magic Dart        |     9 |    34 |    21 ||    64
       Passwall          |       |       |     1 ||     1
Invok: Fiery Armour      |       |     1 |     2 ||     3
       Rising Flame      |       |     1 |       ||     1
       Foxfire Swarm     |       |     1 |       ||     1
  Use: Potion            |     1 |       |       ||     1
Armor: Robe              |     2 |       |       ||     2
       Leather armour    |    12 |    29 |    10 ||    51
Dodge: Dodged            |    36 |    56 |    18 ||   110

Table legend: (Time is in decaauts)
 A = Elapsed time spent in this place.
 B = Non-inter-level travel time spent in this place.
 C = Inter-level travel time spent in this place.
 D = Time resting spent in this place.
 E = Time spent auto-exploring this place.
 F = Levels seen in this place.
 G = Mean time per level.
                   A        B        C        D        E       F      G
               +--------+--------+--------+--------+--------+-----+--------+
         Total |   4838 |   4660 |    178 |   1471 |   2095 |   6 |  806.3 |
       Dungeon |   4838 |   4660 |    178 |   1471 |   2095 |   6 |  806.3 |
               +--------+--------+--------+--------+--------+-----+--------+

Top non-repeatable levels by time:
     D:5: 1759 daAuts
     D:2: 1169 daAuts
     D:4: 923 daAuts
     D:1: 730 daAuts
     D:3: 216 daAuts
     D:6: 40 daAuts
